 Dungeon Crawl Stone Soup version 0.30-a0-897-ga2f19c967e (webtiles) character file.

Game seed: 12072158680504737770

63789 Aequonox the Ogre Mage (level 15, -11/136 HPs)
             Began as an Ogre Fire Elementalist on Mar 18, 2023.
             Was a High Priest of Hepliaklqana.
             Killed from afar by Frances (50 damage)
             ... with an iron shot
             ... on level 12 of the Dungeon.
             The game lasted 01:59:46 (31103 turns).

Aequonox the Ogre Mage (Ogre Fire Elementalist)    Turns: 31103, Time: 01:59:46

Health: -11/136    AC: 17    Str: 16      XL:     15   Next: 10%
Magic:  2/30       EV:  9    Int: 20 (24) God:    Hepliaklqana [*****.]
Gold:   899        SH:  0    Dex: 11      Spells: 26/37 levels left

rFire   + + +      SeeInvis +    G - +7 rapier of Quantum Leap {heavy, *Rage Fly Will+ Int+4}
rCold   x x .      Faith    .    A - orb {*channel}
rNeg    . . .      Spirit   .    P - +2 fire dragon scales of Zuadeco {rF++ rC- Will+}
rPois   .          Reflect  .    (helmet restricted)
rElec   .          Rampage  .    Z - +1 cloak
rCorr   .          Rage     20%  (gloves unavailable)
Will    +++..                    (boots unavailable) Stlth
                                 T - amulet of the acrobat
HPRegen 0.42/turn                s - ring of see invisible
MPRegen 0.22/turn                D - ring of fire

@: flying, studying Ice Magic
A: reduced essence, large, unfitting armour, tough skin 1
a: Renounce Religion, Recall Ancestor, Ancestor Identity, Transference, Idealise


You were on level 12 of the Dungeon.
You worshipped Hepliaklqana.
Hepliaklqana was extremely pleased with you.
You visited 4 branches of the dungeon, and saw 19 of its levels.
You also visited: Sewer and Ice Cave.

You collected 1515 gold pieces.
You spent 616 gold pieces at shops.

Inventory:

Hand Weapons
 G - the +7 rapier of Quantum Leap (weapon) {heavy, *Rage Fly Will+ Int+4}
   (You found it on level 2 of the Lair of Beasts)

   Int:       It affects your intelligence (+4).
   Fly:       It grants you flight.
   *Rage:     It berserks you when you make melee attacks (+20% chance).
   Will:      It increases your willpower.
Missiles
 J - 3 curare-tipped darts (quivered)
Armour
 A - an orb of energy (worn)
 P - the +2 fire dragon scales of Zuadeco (worn) {rF++ rC- Will+}
   (You took it off an orc knight on level 11 of the Dungeon)

   rF:        It greatly protects you from fire.
   rC:        It makes you vulnerable to cold.
   Will:      It increases your willpower.
 Z - a +1 cloak (worn)
Magical Staves
 z - a staff of cold
 I - a staff of conjuration
 U - a staff of cold
 W - a staff of air
 Y - a staff of fire
Jewellery
 i - an amulet of faith
 n - a ring of flight
 p - a +6 ring of strength
 s - a ring of see invisible (left hand)
 y - a ring of positive energy
 D - a ring of fire (right hand)
 T - an amulet of the acrobat (around neck)
Wands
 c - a wand of roots (9)
 h - a wand of charming (5)
 j - a wand of digging (2)
 m - a wand of mindburst (12)
 F - a wand of flame (35)
 L - a wand of light (6)
Scrolls
 a - 4 scrolls of enchant weapon
 d - 6 scrolls of vulnerability
 o - 4 scrolls of immolation
 r - a scroll of blinking
 t - 4 scrolls of teleportation
 x - 2 scrolls of amnesia
 B - a scroll of silence
 E - a scroll of brand weapon {unknown}
 H - a scroll of torment
 Q - a scroll of butterflies {unknown}
 R - 2 scrolls of magic mapping
 S - 5 scrolls of fog
Potions
 b - a potion of magic
 e - 6 potions of curing
 f - 3 potions of haste
 g - 3 potions of lignification
 k - 3 potions of attraction {unknown}
 l - 3 potions of might
 q - 3 potions of mutation
 u - a potion of cancellation {unknown}
 v - 2 potions of invisibility
 w - 5 potions of brilliance
 K - 2 potions of flight {unknown}
 M - 3 potions of ambrosia {unknown}
 V - a potion of degeneration {unknown}
Miscellaneous
 C - a phantom mirror
 N - a tin of tremorstones (2/2)
 O - a lightning rod (2/4)


   Skills:
 + Level 10.6 Fighting
 + Level 3.5 Short Blades
 - Level 4.2 Maces & Flails
 - Level 0.9(3.0) Staves
 * Level 11.3 Armour
 + Level 7.9 Dodging
 - Level 1.7 Stealth
 + Level 11.5 Spellcasting
 + Level 9.4 Conjurations
 + Level 9.8 Fire Magic
 - Level 3.9 Ice Magic
 + Level 1.0 Earth Magic
 - Level 4.5 Evocations


You had 26 spell levels left.
You knew the following spells:

 Your Spells              Type           Power      Damage    Failure   Level
a - Foxfire               Conj/Fire      100%       2x1d9     1%          1
b - Scorch                Fire           100%       2d10      1%          2
c - Fireball              Conj/Fire      33%        3d14      11%         5
d - Stone Arrow           Conj/Erth      64%        3d11      7%          3

Your spell library contained the following spells:

 Spells                   Type           Power      Damage    Failure   Level
 Flame Wave               Conj/Fire      66%        2d15      3%          4
 Momentum Strike          Conj/Tloc      60%        3d9       4%          2
 Dazzling Flash           Conj/Hex       60%        N/A       9%          3
 Inner Flame              Hex/Fire       46%        N/A       9%          3
 Iskenderun's Battlesphe  Conj           49%        2d10      12%         5
 Ensorcelled Hibernation  Hex/Ice        38%        N/A       14%         2
 Kindle Blastsparks       Fire/Tloc/Air  72%        2d16      16%         3
 Apportation              Tloc           22%        N/A       21%         1
 Passwall                 Tmut/Erth      10%        N/A       26%         2
 Iskenderun's Mystic Bla  Conj/Tloc      30%        2d8       28%         4
 Blink                    Tloc           22%        N/A       30%         2
 Lesser Beckoning         Tloc           22%        N/A       30%         2
 Gell's Gravitas          Tloc           11%        N/A       52%         3
 Portal Projectile        Hex/Tloc       22%        N/A       52%         3
 Swiftness                Air            11%        N/A       52%         3
 Teleport Other           Tloc           11%        N/A       52%         3
 Tukima's Dance           Hex            11%        N/A       52%         3
 Starburst                Conj/Fire      33%        6d10      52%         6
 Animate Armour           Summ/Erth      26%        N/A       86%         4
 Olgreb's Toxic Radiance  Pois           11%        N/A       90%         4
 Iron Shot                Conj/Erth      16%        9d4       98%         6
 Orb of Destruction       Conj           24%        9d9       98%         7
 Alistair's Intoxication  Tmut/Pois      7%         N/A       99%         5
 Blade Hands              Tmut           5%         N/A       99%         5
 Conjure Ball Lightning   Conj/Air       15%        3x3d6     99%         6
 Ozocubu's Refrigeration  Ice            13%        4d10      100%        7
 Spellforged Servitor     Conj/Summ      15%        N/A       100%        7
 Ignition                 Fire           33%        3d10      100%        8
 Lehudib's Crystal Spear  Conj/Erth      16%        10d5      100%        8


Dungeon Overview and Level Annotations

Branches:
Dungeon (12/15)            Temple (0/1) D:4            Lair (5/5) D:11
 Shoals (0/4) Lair:2        Snake (1/4) Lair:2        Slime (1/5) Lair:5
    Orc (0/2) D:12          Sewer (visited)           IceCv (visited)

Altars:
Ashenzari
Cheibriados
Dithmenos
Elyvilon
Gozag
Hepliaklqana
Kikubaaqudgha
Makhleb
Nemelex Xobeh
Trog
Uskayaw
Vehumet
The Shining One
Jiyva

Shops:
D:9 *   D:10 [   D:11 ?   Snake:1 [

Annotations:
D:12 3 runed translucent doors, Frances
Lair:5 exclusion: obsidian statue


Innate Abilities, Weirdness & Mutations

Your life essence is reduced to manifest your ancestor. (-10% HP)
You are too large for most types of armour.
You have tough skin. (AC +1)


Message History

You feel a surge of power!
The fireball explodes!
The fireball engulfs Frances!!
Frances is burned terribly!
Frances is severely wounded.
The fireball engulfs the neqoxec!!
The neqoxec is severely wounded.
Casting: Fireball (dangerous; 11% risk of failure)
Confirm with . or Enter, or press ? or * to list all spells.
You feel a surge of power!
Flames lash the neqoxec.
You kill the neqoxec!
The neqoxec disappears in a puff of smoke!
Frances closely misses you.
Frances screams a word of power!
The iron shot hits you!!!
Casting: Scorch (safe; 1% risk of failure)
Confirm with . or Enter, or press ? or * to list all spells.
You feel a surge of power!
Flames lash Frances.
Frances is severely wounded.
Frances hits you from afar with a +1 halberd of protection!
* * * LOW HITPOINT WARNING * * *
Frances chants phrases taken from a devil's mouth.
The shard of ice misses you.
Aiming: Thunderbolt
Press: ? - help, Shift-Dir - straight line, f/p - Frances
Aim: Frances, wielding a +1 halberd of protection and wearing a +3 scale mail of cold resistance (severely wounded, fast, more vulnerable to fire)
The thunderbolt hits the ice devil.
The ice devil is lightly wounded.
The thunderbolt hits Frances!
Frances is almost dead.
Frances mutters in a terrible tongue.
The shard of ice misses you.
Aiming: Thunderbolt
Press: ? - help, Shift-Dir - straight line, f/p - Frances
Aim: Frances, wielding a +1 halberd of protection and wearing a +3 scale mail of cold resistance (severely wounded, fast, more vulnerable to fire)
The thunderbolt hits the ice devil!
The ice devil is heavily wounded.
The thunderbolt hits Frances!
Frances is almost dead.
Frances screams a word of power!
The iron shot hits you!!!
You die...

......# #.#
#####.#######.# #
#...........#
#*#################
*,*,,* #3.3..#
$[).## #.##4##
.....# *,*#@#
....##*******,*#.#
.ZZ..#,,,,,,,,*#@#
+++#############.###
....##.............#
....##.#############
..#.##.# .......#
.......# .......#
.......#


You could see Frances (fast, combustible), an ice devil (summoned) and a smoke
demon (summoned).

Vanquished Creatures
  A reaper (IceCv)
  3 dire elephants
  A minotaur (Lair:1)
  A hydra (D:11)
  3 two-headed ogres
  2 boulder beetles
  A catoblepas (Lair:5)
  A death yak (Lair:5)
  Sonja (Lair:4)
  A naga sharpshooter (Snake:1)
  A spectral death yak (Lair:5)
  A spectral anaconda (Lair:5)
  2 necromancers (Lair:5)
  A cyclops (D:11)
  5 black mambas
  9 elephants
  An ice statue (IceCv)
  9 cane toads
  Psyche (D:8)
  A gargoyle (D:11)
  An unseen horror (D:11)
  3 rime drakes
  A kobold demonologist (D:11)
  5 komodo dragons
  A yaktaur (D:11)
  A polar bear (Lair:3)
  A troll (D:11)
  2 meliai (Lair:2)
  2 dream sheep (Lair:3)
  6 blink frogs
  4 wyverns
  2 vampires (D:11)
  A wraith (D:11)
  A basilisk (Lair:2)
  42 yaks
  4 death yak simulacra
  2 steam dragons
  A harpy simulacrum (IceCv)
  4 nagas
  6 water moccasins
  A hydra simulacrum (IceCv)
  4 orc warriors
  A black bear (D:6)
  A black bear (shapeshifter) (D:9)
  An elephant zombie (Lair:5)
  An ogre (D:5)
  A wolf (Lair:2)
  A centaur (D:7)
  An elephant skeleton (Lair:5)
  An elf zombie (D:4)
  2 kobold brigands
  13 bullfrogs
  2 scorpions
  A two-headed ogre simulacrum (IceCv)
  3 cane toad simulacra
  8 wights (D:7)
  28 killer bees
  2 elephant simulacra (IceCv)
  A hound (D:6)
  2 jellies
  2 iguanas (D:6)
  5 orc wizards
  2 polar bear simulacra (IceCv)
  A spriggan simulacrum (IceCv)
  6 troll simulacra (IceCv)
  2 wolf simulacra (IceCv)
  5 adders
  A gnoll (D:6)
  4 naga simulacra (IceCv)
  2 river rats (Sewer)
  2 shadow imps (D:4)
  9 white imps
  11 ufetubi
  A worm (D:2)
  2 dart slugs
  18 orcs
  9 endoplasms
  3 giant cockroaches
  7 hobgoblins
  21 kobolds
  2 quokkas
  7 ball pythons
  4 bats
  4 goblins
  2 orc skeletons (D:4)
  24 rats
  A spectral kobold (D:5)
368 creatures vanquished.

Vanquished Creatures (collateral kills)
  A dire elephant (Lair:5)
  Fannar (Lair:3)
  An ogre mage (D:11)
  2 hydras
  A boulder beetle (D:12)
  2 two-headed ogres
  A shock serpent (Snake:1)
  2 mana vipers
  An orc knight (D:11)
  2 necromancers (Lair:5)
  A deep elf pyromancer (D:11)
  An ugly thing (D:10)
  A cyclops (D:12)
  7 elephants
  2 black mambas
  A merfolk siren (Lair:2)
  5 cane toads
  A dire elephant skeleton (Lair:5)
  A torpor snail (Lair:3)
  3 komodo dragons
  An ice devil (IceCv)
  An efreet (D:11)
  An unseen horror (D:12)
  A queen bee (Lair:2)
  2 trolls (D:11)
  3 blink frogs
  2 spectral elephants (Lair:5)
  A wraith (D:11)
  5 wyverns
  A dire elephant simulacrum (Lair:5)
  2 shadows
  14 yaks
  4 basilisks (Lair:2)
  3 steam dragons
  A harpy simulacrum (IceCv)
  4 nagas
  A hydra simulacrum (IceCv)
  An acid dragon (D:11)
  3 water moccasins
  A sky beast (D:7)
  A black bear (D:6)
  An ogre (D:4)
  A wolf (Lair:2)
  2 centaurs
  An elephant skeleton (Lair:5)
  A kobold brigand (Sewer)
  A cane toad simulacrum (IceCv)
  9 bullfrogs
  An elf skeleton (D:4)
  A gnoll sergeant (D:6)
  2 scorpions
  A two-headed ogre simulacrum (IceCv)
  7 wights
  8 killer bees
  A howler monkey (D:9)
  3 jellies (Lair:5)
  An orc priest (D:5)
  2 human skeletons (D:4)
  4 iguanas
  2 orc wizards
  2 spriggan simulacra (IceCv)
  2 gnolls (D:6)
  An adder (D:5)
  2 naga simulacra (IceCv)
  3 river rats (Sewer)
  A shadow imp (D:4)
  3 white imps
  3 ufetubi
  10 orcs
  A ball python (Sewer)
  2 endoplasms
  2 goblins
  12 kobolds
  A quokka (D:3)
  4 rats
  A butterfly (Lair:2)
  A foxfire (D:4)
190 creatures vanquished.

Vanquished Creatures (others)
  24 battlemagi
  2 demonic plants (D:4)
  612 foxfires
  45 fungi
  54 plants
  36 withered plants (Lair:5)
773 creatures vanquished.

Grand Total: 1331 creatures vanquished

Notes
Turn   | Place    | Note
-------+----------+-------------------------------------------
     0 | D:1      | Aequonox the Ogre Fire Elementalist began the quest for the
                  | Orb.
     0 | D:1      | Reached XP level 1. HP: 16/16 MP: 3/3
   249 | D:1      | Reached skill level 1 in Conjurations
   347 | D:1      | Reached XP level 2. HP: 11/24 MP: 1/5
  1074 | D:1      | Reached XP level 3. HP: 31/31 MP: 5/7
  1212 | D:1      | Found a faded altar of an unknown god.
  1370 | D:1      | Prayed at the altar of an unknown god.
  1370 | D:1      | Became a worshipper of Hepliaklqana the Forgotten
  1370 | D:1      | Reached * piety under Hepliaklqana
  2014 | D:2      | Reached skill level 1 in Fighting
  2144 | D:2      | Reached XP level 4. HP: 36/36 MP: 5/8
  2553 | D:3      | Reached ** piety under Hepliaklqana
  2554 | D:3      | Remembered your ancestor Senakhtenre as a battlemage
  2614 | D:3      | Found a bloodstained altar of Trog.
  3061 | D:3      | Found a sparkling altar of Nemelex Xobeh.
  3406 | D:4      | Noticed a scorpion
  3446 | D:4      | Found a sand-covered staircase.
  3503 | D:4      | Reached XP level 5. HP: 16/44 MP: 9/9
  3538 | D:4      | Reached XP level 6. HP: 21/53 MP: 6/11
  3621 | D:4      | Found a broken altar of Ashenzari.
  3626 | D:4      | Found a white marble altar of Elyvilon.
  3634 | D:4      | Found a shadowy altar of Dithmenos.
  3978 | D:4      | Reached *** piety under Hepliaklqana
  4036 | D:4      | Found a snail-covered altar of Cheibriados.
  4313 | D:4      | Found a staircase to the Ecumenical Temple.
  4399 | D:4      | Reached XP level 7. HP: 60/60 MP: 8/13
  4661 | D:5      | Entered Level 5 of the Dungeon
  4783 | D:5      | Found a burning altar of Makhleb.
  4863 | D:5      | Found a glowing drain.
  4872 | Sewer    | Entered a sewer
  5084 | Sewer    | Reached XP level 8. HP: 43/71 MP: 9/15
  5505 | Sewer    | Reached skill level 5 in Spellcasting
  5645 | Sewer    | Reached skill level 5 in Fighting
  6347 | D:5      | Found a hazy altar of Hepliaklqana.
  6522 | D:5      | Found an opulent altar of Gozag.
  6907 | D:6      | Found a glowing golden altar of the Shining One.
  6907 | D:6      | Found a radiant altar of Vehumet.
  6981 | D:6      | Found an ancient bone altar of Kikubaaqudgha.
  6981 | D:6      | Found a hide-covered altar of Uskayaw.
  7106 | D:6      | Reached **** piety under Hepliaklqana
  7118 | D:6      | Identified the +2 quarterstaff of Beogh's Righteous Fury
                  | {flame, Int+3}
  7215 | D:6      | Reached skill level 5 in Fire Magic
  7365 | D:6      | Reached XP level 9. HP: 80/80 MP: 14/17
  7490 | D:6      | Reached skill level 5 in Dodging
  7692 | D:7      | Learned a level 2 spell: Scorch
  7697 | D:7      | Reached skill level 1 in Maces & Flails
  7697 | D:7      | Reached skill level 5 in Conjurations
  8466 | D:8      | Noticed Psyche
  8474 | D:8      | Killed Psyche
  8475 | D:8      | Reached XP level 10. HP: 93/93 MP: 11/20
  9154 | D:8      | Reached ***** piety under Hepliaklqana
  9482 | D:9      | Found Mappung's Elemental Accessories.
  9846 | D:9      | Noticed a two-headed ogre
  9850 | D:9      | Killed a two-headed ogre
 10071 | D:9      | You fall into a shaft and drop 3 floors!
 10148 | D:11     | Noticed a kobold demonologist
 10157 | D:11     | Killed a kobold demonologist
 10252 | D:10     | Entered Level 10 of the Dungeon
 10252 | D:10     | Noticed a red ugly thing
 10256 | D:10     | Killed a red ugly thing
 10589 | D:10     | Found Nutoqeq's Specialty Armours.
 10736 | D:10     | Learned a level 5 spell: Fireball
 10738 | D:10     | Reached XP level 11. HP: 101/101 MP: 17/23
 10740 | D:10     | Reached skill level 1 in Evocations
 10935 | D:10     | Noticed a two-headed ogre
 10939 | D:10     | Killed a two-headed ogre
 11255 | D:10     | Reached ****** piety under Hepliaklqana
 11302 | D:11     | Found Nopt's Magic Scroll Shoppe.
 11310 | D:11     | Bought a scroll of enchant weapon for 97 gold pieces
 11310 | D:11     | Bought a scroll of enchant weapon for 97 gold pieces
 11377 | D:11     | Noticed a two-headed ogre
 11379 | D:11     | Killed a two-headed ogre
 11637 | D:11     | Noticed a two-headed ogre
 11643 | D:11     | Killed a two-headed ogre
 11824 | D:11     | Noticed a cyclops
 11826 | D:11     | Killed a cyclops
 11827 | D:11     | Noticed a boulder beetle
 12184 | D:11     | Noticed a seven-headed hydra
 12195 | D:11     | Killed a seven-headed hydra
 12394 | D:11     | Identified the +2 fire dragon scales of Zuadeco {rF++ rC-
                  | Will+}
 12394 | D:11     | Noticed an orc knight
 12522 | D:11     | Noticed a four-headed hydra
 12525 | D:11     | Killed a four-headed hydra
 12526 | D:11     | Reached XP level 12. HP: 110/110 MP: 11/25
 12526 | D:11     | Noticed an ogre mage
 12534 | D:11     | Killed an ogre mage
 12670 | D:11     | Noticed a boulder beetle
 12676 | D:11     | Killed a boulder beetle
 12929 | D:11     | Reached skill level 10 in Spellcasting
 13213 | D:11     | Identified the +0 plate armour of Decompression {rF+ rCorr}
 13334 | D:11     | Found a staircase to the Lair.
 13538 | Lair:1   | Entered Level 1 of the Lair of Beasts
 13931 | Lair:1   | Reached skill level 1 in Armour
 14337 | Lair:1   | Found a runed translucent door.
 15125 | Lair:1   | Noticed a minotaur
 15140 | Lair:1   | Killed a minotaur
 15553 | Lair:2   | Reached skill level 5 in Armour
 15603 | Lair:2   | Found a staircase to the Shoals.
 15825 | Lair:2   | Found a staircase to the Snake Pit.
 16320 | Lair:3   | Noticed Fannar
 16339 | Lair:3   | Found a frozen archway.
 16347 | IceCv    | Entered an ice cave
 16989 | IceCv    | Reached XP level 13. HP: 117/117 MP: 10/27
 18016 | IceCv    | Noticed a reaper
 18038 | IceCv    | HP: 4/117 [reaper/+4 scythe of freezing (34)]
 18038 | IceCv    | HP: 1/117 [reaper/+4 scythe of freezing (3)]
 18441 | IceCv    | Killed a reaper
 19109 | Lair:2   | Identified the +7 rapier of Quantum Leap {heavy, *Rage Fly
                  | Will+ Int+4}
 21415 | Lair:3   | Killed Fannar
 21678 | Lair:3   | Reached skill level 10 in Armour
 22640 | Lair:4   | Reached skill level 1 in Ice Magic
 23061 | Lair:4   | Noticed Sonja
 23064 | Lair:4   | Killed Sonja
 23065 | Lair:4   | Reached XP level 14. HP: 114/126 MP: 15/28
 23072 | Lair:4   | Reached skill level 1 in Short Blades
 24102 | Lair:5   | Entered Level 5 of the Lair of Beasts
 25289 | Lair:5   | Found a viscous altar of Jiyva.
 25290 | Lair:5   | Found a staircase to the Slime Pits.
 26190 | Lair:5   | Noticed a dire elephant
 26190 | Lair:5   | Noticed a dire elephant
 26190 | Lair:5   | Noticed a dire elephant
 26190 | Lair:5   | Noticed a dire elephant
 26215 | Lair:5   | Killed a dire elephant
 26782 | Lair:5   | Reached skill level 10 in Fighting
 27212 | Lair:5   | Noticed a dire elephant
 27659 | Lair:5   | Killed a dire elephant
 27718 | Lair:4   | Killed a dire elephant
 27894 | Lair:5   | Killed a dire elephant
 28255 | Slime:1  | Entered Level 1 of the Pits of Slime
 28255 | Slime:1  | Noticed an acid blob
 28370 | Snake:1  | Entered Level 1 of the Snake Pit
 29476 | Snake:1  | Learned a level 3 spell: Stone Arrow
 29513 | Snake:1  | Found Umpahot's Armour Shop.
 29526 | Snake:1  | Bought a +1 cloak for 149 gold pieces
 29526 | Snake:1  | Bought a +2 hat of stealth for 273 gold pieces
 30380 | D:12     | Found a radiant altar of Vehumet.
 30387 | D:12     | Reached XP level 15. HP: 136/136 MP: 15/30
 30387 | D:12     | Found a staircase to the Orcish Mines.
 30694 | D:12     | Reached skill level 1 in Earth Magic
 30743 | D:12     | Identified the +1 robe of Titacazu {rF++ Str-5 Slay+3
                  | Stlth+}
 31050 | D:12     | Found a runed translucent gate.
 31051 | D:12     | Found a runed translucent gate.
 31054 | D:12     | Found a runed translucent gate.
 31086 | D:12     | Noticed Frances
 31103 | D:12     | Killed from afar by Frances

Illustrated notes

Levels and vault maps discovered:
D:1:      nzn_arrival_settlement, layout_basic, chequers_ecumenical_altar_simple
D:2:      layout_basic
D:3:      layout_basic, nemelex_xobeh_ov_fountains_minmay,
          mainiacjoe_overflow_brackets
D:4:      layout_gridville, minitemple, old_standard_altar,
          lemuel_temple_firewalk_b, serial_demonic, serial_demonic_c,
          serial_demonic_c, serial_demonic_b, serial_demonic_e,
          serial_demonic_f, serial_demonic_g, serial_demonic_c,
          nicolae_ossuary_entry_catacombs, chequers_decorated_corner,
          minmay_liquid_box
D:5:      layout_loops_cross, lemuel_doored_altar,
          nicolae_hepliaklqana_monster_ancestors, grunt_gozag_breadcrumbs,
          portal_sewer_entry_e
D:6:      layout_rooms, grunt_temple_overflow_open
D:7:      layout_rooms
D:8:      layout_basic, uniq_psyche
D:9:      layout_stronghold, minivault_1, nicolae_elemental_shop
D:10:     layout_irregular_city, nicolae_barding_shop
D:11:     minmay_the_grid_triangle_9x9_rhombus_thin_mashed
          [minmay_the_grid_triangle_9x9_shrine,
          minmay_the_grid_triangle_9x9_prize_center,
          minmay_the_grid_triangle_9x9_pentomino_pain,
          minmay_the_grid_triangle_9x9_impossible_snake], layout_grid_maze,
          lair_entry_dummy, serial_shops, shop
D:12:     layout_basic, david_orc_3, gammafunk_ghost_necromancy,
          vehumet_altar_wand_db, uniq_frances
Lair:1:   dreamdust_labyrinth, layout_cave_pods, chequers_serial_rivers_room_a,
          infiniplex_staircase_pool_2
Lair:2:   regret_index_combs_of_tragedy, layout_layer_cave,
          minmay_shoals_entry_lonely_mermaid, nicolae_snake_entry_squirm,
          dreamdust_mushroom_princess, lemuel_fruit_fields
Lair:3:   layout_big_grid, portal_ice_cave_entry_pillars_1, lemuel_fruit_tree,
          grunt_megastairs_3, uniq_fannar
Lair:4:   layout_small_grid, serial_bayou_shore_b, uniq_sonja
Lair:5:   due_jungle_book, layout_regular_city, nicolae_slime_entry_slimehenge,
          serial_bayou_lake_a
Snake:1:  layout_onion, serial_shops, shop, statue_in_the_mist_lemuel
Slime:1:  layout_caves

Skill      XL: |  1  2  3  4  5  6  7  8  9 10 11 12 13 14 15 |
---------------+----------------------------------------------+-----
Conjurations   | 1 2 3 4 5 6 7 8 9 |  9.4
Dodging        | 2 3 4 5 6 7 |  7.9
Fire Magic     | 3 4 5 6 7 8 9 |  9.8
Fighting       | 1 2 3 4 6 7 8 9 10 | 10.6
Spellcasting   | 3 4 5 7 8 9 10 11 | 11.5
Maces & Flails | 2 3 4 |  4.2
Evocations     | 3 4 |  4.5
Armour         | 6 10 11 | 11.3
Ice Magic      | 1 3 |  3.9
Short Blades   | 3 |  3.5
Earth Magic    | 1 |  1.0
Staves         | |  0.9
Stealth        | |  1.7

Action                     |  1- 3 |  4- 6 |  7- 9 | 10-12 | 13-15 || total
---------------------------+-------+-------+-------+-------+-------++-------
  Melee: Unarmed           |    10 |       |       |       |       ||    10
         Dagger            |       |    44 |     1 |       |       ||    45
         Morningstar       |       |       |    14 |    43 |       ||    57
         Quarterstaff      |       |       |     2 |       |       ||     2
         Staff             |       |       |       |     4 |    32 ||    36
         Rapier            |       |       |       |       |    97 ||    97
  Throw: Dart              |       |       |       |     1 |     5 ||     6
   Cast: Foxfire           |    82 |    67 |   194 |    21 |       ||   364
         Scorch            |       |       |    16 |   143 |   202 ||   361
         Fireball          |       |       |       |    48 |   170 ||   218
         Stone Arrow       |       |       |       |       |     6 ||     6
 Invoke: Ancestor Life: Ba |       |     1 |       |       |       ||     1
         Recall Ancestor   |       |       |       |     4 |     8 ||    12
  Evoke: Lightning rod     |       |       |       |       |     6 ||     6
         Wand              |       |       |       |       |     1 ||     1
    Use: Scroll            |       |     5 |     4 |    10 |     9 ||    28
         Potion            |       |     2 |       |     4 |     9 ||    15
   Stab: Distracted        |       |     1 |     1 |       |       ||     2
 Armour: Robe              |    12 |    10 |     4 |       |       ||    26
         Steam dragon scal |       |       |    12 |    11 |       ||    23
         Fire dragon scale |       |       |       |    33 |   156 ||   189
         Skin              |       |       |       |       |     1 ||     1
  Dodge: Dodged            |    20 |    25 |    27 |    73 |   209 ||   354

Table legend: (Time is in decaauts)
 A = Elapsed time spent in this place.
 B = Non-inter-level travel time spent in this place.
 C = Inter-level travel time spent in this place.
 D = Time resting spent in this place.
 E = Time spent auto-exploring this place.
 F = Levels seen in this place.
 G = Mean time per level.
                   A        B        C        D        E       F      G
               +--------+--------+--------+--------+--------+-----+--------+
         Total |  31260 |  29762 |   1498 |   8290 |  16200 |  21 | 1488.6 |
       Dungeon |  13498 |  12788 |    710 |   1545 |   8982 |  12 | 1124.8 |
          Lair |  14032 |  13244 |    788 |   5050 |   5949 |   5 | 2806.4 |
     Snake Pit |    147 |    147 |      0 |      0 |     45 |   1 |  147.0 |
    Slime Pits |      1 |      1 |      0 |      0 |      0 |   1 |    1.0 |
         Sewer |   1135 |   1135 |      0 |    103 |    813 |   1 | 1135.0 |
      Ice Cave |   2444 |   2444 |      0 |   1591 |    411 |   1 | 2444.0 |
               +--------+--------+--------+--------+--------+-----+--------+

Top non-repeatable levels by time:
  Lair:2: 4732 daAuts
  Lair:5: 3451 daAuts
   IceCv: 2444 daAuts
    D:11: 2395 daAuts
  Lair:4: 2209 daAuts
  Lair:1: 2046 daAuts
  Lair:3: 1594 daAuts
     D:1: 1537 daAuts
    D:10: 1280 daAuts
     D:4: 1269 daAuts
     D:8: 1257 daAuts
   Sewer: 1135 daAuts
     D:5: 1116 daAuts
     D:2: 958 daAuts
     D:3: 894 daAuts
